 Dungeon Crawl Stone Soup version 0.31-a0-188-g5e087ee2ca (webtiles) character file.

Game seed: 11546080871417076612

86 qw the Shooter (level 4, -2/25 HPs)
             Began as a Deep Elf Hunter on June 23, 2023.
             Slain by an ice beast (13 damage)
             ... on level 3 of the Dungeon.
             The game lasted 00:00:38 (1816 turns).

qw the Shooter (Deep Elf Hunter)                    Turns: 1816, Time: 00:00:38

Health: -2/25      AC:  3    Str: 10    XL:     4   Next: 27%
Magic:  6/6        EV: 12    Int: 14    God:
Gold:   129        SH:  4    Dex: 18    Spells: 3/3 levels left

rFire   . . .        Y - +1 shortbow
rCold   . . .        (shield currently unavailable)
rNeg    . . .        c - +0 leather armour
rPois   .            (helmet restricted)
rElec   .            (no cloak)
rCorr   .            (no gloves)
SInv    +            (no boots)
Will    .....        (no amulet)
Stlth   ++           (no ring)
HPRegen 0.24/turn    (no ring)
MPRegen 0.10/turn

%: no passive effects
@: no status effects
A: antennae 1, large bone plates 1, see invisible
a: no special abilities


You were on level 3 of the Dungeon.
You visited 1 branch of the dungeon, and saw 3 of its levels.

You collected 129 gold pieces.


Innate Abilities, Weirdness & Mutations

You have a pair of small antennae on your head.
You are partially covered in large bone plates. (SH +4)
You have supernaturally acute eyesight. (SInv)


   Skills:
 - Level 1.5 Fighting
 + Level 7.7 Ranged Weapons
 - Level 2.4 Dodging
 - Level 1.2 Stealth


You had 3 spell levels left.
You didn't know any spells.
Your spell library was empty.

Inventory:

Hand Weapons
 Y - a +1 shortbow (weapon)
Armour
 c - a +0 leather armour (worn)
Scrolls
 b - 2 scrolls of teleportation
 f - a scroll of identify
Potions
 a - a potion of attraction {unknown}
 d - a potion of haste {unknown}
 e - a potion of cancellation {unknown}
 h - a potion of mutation

Dungeon Overview and Level Annotations

Branches:
Dungeon (3/15)

Altars:
Elyvilon
Fedhas


Message History

A goblin comes into view. It is wielding a +0 club.
You see here a black potion.
You shoot an arrow. The arrow hits the goblin.
The goblin shouts!
The goblin is heavily wounded.
You shoot an arrow. The arrow closely misses the goblin.
You shoot an arrow. The arrow hits the goblin!
You kill the goblin!
a - a black potion
Things that are here:
a +0 club; a goblin corpse
Found a scroll of revelation.
An ice beast comes into view.
Found a ring mail.
You shoot an arrow. The arrow hits the ice beast.
The ice beast is moderately wounded.
You shoot an arrow. The arrow closely misses the ice beast.
You block the ice beast's attack. The ice beast misses you.
You shoot an arrow. The arrow hits the ice beast.
The ice beast is moderately wounded.
The ice beast closely misses you.
You shoot an arrow.
The arrow hits the ice beast but does no damage.
The ice beast is moderately wounded.
The ice beast barely misses you.
You shoot an arrow.
The arrow hits the ice beast but does no damage.
The ice beast is moderately wounded.
The ice beast hits you. The ice beast freezes you!
You shoot an arrow. The arrow hits the ice beast.
The ice beast is heavily wounded.
The ice beast closely misses you.
You shoot an arrow. The arrow hits the ice beast!
The ice beast is severely wounded.
You block the ice beast's attack.
You shoot an arrow. The arrow hits the ice beast.
The ice beast is severely wounded.
The ice beast hits you. The ice beast freezes you!
Ouch! That really hurt!
You die...

#.# #.# #.# #.#
...
#######.#######
.......?Y....[.
#@# #.####
#....####
####....##
####..##
##..###
##...####
###....###
####....


You could see an ice beast.

Vanquished Creatures
  An orc priest (D:3)
  2 adders
  2 orcs (D:3)
  2 ball pythons (D:1)
  3 endoplasms (D:2)
  7 goblins
  3 hobgoblins
  2 quokkas
  3 bats
  4 frilled lizards
  2 kobolds (D:2)
  5 rats
36 creatures vanquished.

Notes
Turn   | Place    | Note
-------+----------+-------------------------------------------
     0 | D:1      | qw the Deep Elf Hunter began the quest for the Orb.
     0 | D:1      | Reached XP level 1. HP: 12/12 MP: 3/3
     0 | D:1      | 0 ||| qw: Version: 0.3-a-9-g12657ce
     0 | D:1      | 0 ||| qw: Game counter: 3227
     0 | D:1      | 0 ||| qw: Always use a shield: true
     0 | D:1      | 0 ||| qw: God list: Okawaru
     0 | D:1      | 0 ||| qw: Allow faded altars: false
     0 | D:1      | 0 ||| qw: Do Orc after D:15 true
     0 | D:1      | 0 ||| qw: Do second Lair branch before Depths: true
     0 | D:1      | 0 ||| qw: Lair rune preference: random
     0 | D:1      | 0 ||| qw: Plans: Normal
     0 | D:1      | 0 ||| PLANNING D:1-11
   204 | D:1      | Reached skill level 6 in Ranged Weapons
   204 | D:1      | Reached XP level 2. HP: 16/16 MP: 4/4
   799 | D:1      | 799 ||| READING 4 scrolls labelled APPEFR FUHARA.
   800 | D:1      | 800 ||| READING scroll labelled BEAPYU QUMMA.
   801 | D:1      | 801 ||| READING scroll labelled JAPATY BICSE.
   802 | D:1      | 802 ||| DROPPING 3 scrolls of vulnerability.
   803 | D:1      | 803 ||| DROPPING scroll of butterflies.
  1166 | D:2      | Reached XP level 3. HP: 10/20 MP: 5/5
  1219 | D:2      | 1219 ||| DROPPING ring of magical power.
  1220 | D:2      | 1220 ||| READING 2 scrolls labelled VASICU ZIGIU.
  1225 | D:2      | Found a white marble altar of Elyvilon.
  1565 | D:2      | 1565 ||| DROPPING ring of flight.
  1566 | D:2      | 1566 ||| READING 2 scrolls labelled WUSCHI COAJAGGO.
  1567 | D:2      | 1567 ||| READING scroll labelled UQITUR SAMAO.
  1568 | D:2      | 1568 ||| DRINKING 2 lumpy purple potions.
  1568 | D:2      | Gained mutation: You are partially covered in large bone
                  | plates. (SH +4) [potion of mutation]
  1568 | D:2      | Gained mutation: You have supernaturally acute eyesight.
                  | (SInv) [potion of mutation]
  1568 | D:2      | Gained mutation: You have a pair of small antennae on your
                  | head. [potion of mutation]
  1645 | D:3      | 1645 ||| FLEEEEING.
  1652 | D:3      | 1652 ||| FLEEEEING.
  1656 | D:3      | 1656 ||| FLEEEEING.
  1657 | D:3      | 1657 ||| FLEEEEING.
  1658 | D:3      | 1658 ||| FLEEEEING.
  1664 | D:3      | 1664 ||| FLEEEEING.
  1665 | D:3      | 1665 ||| FLEEEEING.
  1666 | D:3      | 1666 ||| FLEEEEING.
  1667 | D:3      | 1667 ||| FLEEEEING.
  1668 | D:3      | 1668 ||| FLEEEEING.
  1669 | D:3      | 1669 ||| FLEEEEING.
  1670 | D:3      | 1670 ||| FLEEEEING.
  1671 | D:3      | 1671 ||| FLEEEEING.
  1672 | D:3      | 1672 ||| FLEEEEING.
  1673 | D:3      | 1673 ||| FLEEEEING.
  1674 | D:3      | 1674 ||| FLEEEEING.
  1675 | D:3      | 1675 ||| FLEEEEING.
  1681 | D:3      | 1681 ||| FLEEEEING.
  1682 | D:3      | 1682 ||| FLEEEEING.
  1683 | D:3      | 1683 ||| STAIRDANCE
  1695 | D:3      | Reached skill level 7 in Ranged Weapons
  1695 | D:3      | Reached XP level 4. HP: 25/25 MP: 6/6
  1760 | D:3      | Found a blossoming altar of Fedhas.
  1808 | D:3      | Noticed an ice beast
  1816 | D:3      | Slain by an ice beast

Levels and vault maps discovered:
D:1:      dpeg_arrival_arbitrary_a, layout_loops_ring, chequers_avenue,
          grunt_decor_mini_mirrors
D:2:      layout_basic, basic_altar, chequers_serial_rivers_micro_a,
          nicolae_the_louvre
D:3:      layout_basic, old_standard_altar, serial_shops, shop

Skill      XL: |  1  2  3 |
---------------+----------+-----
Ranged Weapons | 6 7 |  7.7
Fighting       | |  1.5
Dodging        | |  2.4
Stealth        | |  1.2

Action                     |  1- 3 |  4- 6 || total
---------------------------+-------+-------++-------
   Fire: Shortbow          |    69 |    25 ||    94
    Use: Scroll            |     6 |       ||     6
         Potion            |     1 |       ||     1
 Armour: Leather armour    |     7 |       ||     7
  Dodge: Dodged            |     5 |     7 ||    12
  Block: Other             |       |     2 ||     2

Table legend:
 A = Non-vault XP
 B = Vault XP
 C = Vault XP percentage of total XP
 D = Non-vault monster count
 E = Vault monster count
 F = Vault count percentage of total count
                 A         B        C        D         E       F
            +---------+---------+-------+---------+---------+-------
      Total |     124 |       0 |   0.0 |      36 |       0 |   0.0
            +---------+---------+-------+---------+---------+-------
        D:1 |      23 |       0 |   0.0 |      14 |       0 |   0.0
        D:2 |      34 |       0 |   0.0 |      14 |       0 |   0.0
        D:3 |      67 |       0 |   0.0 |       8 |       0 |   0.0
            +---------+---------+-------+---------+---------+-------
